 Dungeon Crawl Stone Soup version 0.22-a0-525-gf69a080 (webtiles) character file.

172 kae the Ruffian (level 5, -1/61 HPs)
             Began as a Draconian Transmuter on June 21, 2018.
             Slain by a centaur (5 damage)
             ... on level 4 of the Dungeon.
             The game lasted 00:03:08 (4551 turns).

kae the Ruffian (Draconian Transmuter)              Turns: 4551, Time: 00:03:09

Health: -1/61      AC: 22    Str: 18    XL:     5   Next: 27%
Magic:  8/8        EV:  2    Int: 13    God:
Gold:   202        SH:  0    Dex: 17    Spells: 3/9 levels left

rFire    . . .     SeeInvis .     - Unarmed
rCold    . . .     Gourm    .   (no shield)
rNeg     + + +     Faith    .   (armour unavailable)
rPois    +         Spirit   .   (helmet currently unavailable)
rElec    .         Reflect  .   (cloak currently unavailable)
rCorr    .         Harm     .   (gloves currently unavailable)
MR       .....     NoTele   +   (boots currently unavailable)
Stlth    +++.......             (no amulet)
HPRegen  0.20/turn              (no ring)
MPRegen  0.11/turn              (no ring)

@: mighty, agile, tree-form (expiring), berserk cooldown, slowed, drained, very
slow
A: unfitting armour, AC +5
a: no special abilities


You were on level 4 of the Dungeon.
You were not hungry.
You were a tree.
You visited 1 branch of the dungeon, and saw 4 of its levels.

You collected 202 gold pieces.

Inventory:

Missiles
 a - 4 arrows
Armour
 r - a +0 cloak (melded)
Jewellery
 o - an uncursed ring of flight {unknown}
Wands
 p - a wand of random effects (32)
Scrolls
 h - a scroll of amnesia
 i - 2 scrolls of identify
 j - a scroll of teleportation {unknown}
 m - a scroll of magic mapping
Potions
 e - a potion of agility
 g - 2 potions of magic
 l - a potion of degeneration {unknown}
 n - 2 potions of haste {unknown}
Comestibles
 c - 8 rations


   Skills:
 + Level 2.3(1.9) Fighting
 + Level 2.5(2.1) Dodging
 * Level 4.1(3.7) Unarmed Combat
 + Level 2.5(2.1) Spellcasting
 * Level 3.3(2.9) Transmutations


You had 3 spell levels left.
You knew the following spells:

 Your Spells              Type           Power        Failure   Level  Hunger
a - Beastly Appendage     Tmut           #.....       8%          1    ##.....
b - Sticks to Snakes      Tmut           #.......     12%         2    ###....
c - Spider Form           Tmut/Pois      #.........   38%         3    ####...

Your spell library contained the following spells:

 Spells                   Type           Power        Failure   Level  Hunger
 Blade Hands              Tmut           #.........   91%         5    ######.
 Ice Form                 Ice/Tmut       #.......     80%         4    #####..


Dungeon Overview and Level Annotations

Branches:
Dungeon (4/15)             Temple (0/1) D:4

Altars:
Fedhas
Kikubaaqudgha

Shops:
D:4 (


Innate Abilities, Weirdness & Mutations

((Your plain brown scales are hard. (AC +5)))
You cannot fit into any form of body armour.
((You are cold-blooded and may be slowed by cold attacks.))


Message History

* * * LOW HITPOINT WARNING * * *
You barely miss the centaur.
The centaur is lightly wounded.
The centaur hits you but does no damage. x2
You hit the centaur but do no damage.
The centaur is lightly wounded.
The centaur hits you.
* * * LOW HITPOINT WARNING * * *
The centaur hits you.
* * * LOW HITPOINT WARNING * * *
You smack the centaur!
The centaur is moderately wounded.
Your transformation is almost over.
The centaur hits you but does no damage. x2
It was a potion of might.
You feel very mighty all of a sudden. The centaur hits you.
* * * LOW HITPOINT WARNING * * *
The centaur hits you.
You die...

###†###.#.#
#.....#.#
###'###.#
#.###.#
#.....#
#####.# #.#
#.#########.#
#../.c♣(((..#
#############


You could see a centaur.

Vanquished Creatures
  Crazy Yiuf (D:2)
  A worker ant (D:4)
  Robin (D:4)
  4 adders
  2 worms (D:2)
  A dart slug (D:1)
  3 leopard geckos
  2 orcs
  2 ball pythons
  3 giant cockroaches
  14 goblins
  5 hobgoblins
  A quokka (D:4)
  10 bats
  4 frilled lizards
  3 kobolds
  7 rats
64 creatures vanquished.

Vanquished Creatures (collateral kills)
  2 hobgoblins
2 creatures vanquished.

Grand Total: 66 creatures vanquished

Notes
Turn   | Place    | Note
-------+----------+-------------------------------------------
     0 | D:1      | kae the Draconian Transmuter began the quest for the Orb.
     0 | D:1      | Reached XP level 1. HP: 16/16 MP: 3/3
   200 | D:1      | Reached XP level 2. HP: 15/23 MP: 3/5
   220 | D:1      | Learned a level 2 spell: Sticks to Snakes
  1566 | D:2      | Reached XP level 3. HP: 15/28 MP: 6/6
  2107 | D:2      | Found a runed door.
  2444 | D:2      | Found a faded altar of an unknown god.
  2481 | D:2      | Found a blossoming altar of Fedhas.
  2483 | D:2      | Found an ancient bone altar of Kikubaaqudgha.
  2871 | D:2      | Learned a level 3 spell: Spider Form
  2933 | D:2      | Noticed Crazy Yiuf
  2942 | D:2      | Killed Crazy Yiuf
  2942 | D:2      | Reached XP level 4. HP: 15/36 MP: 4/7
  3763 | D:4      | Reached skill level 4 in Unarmed Combat
  3767 | D:4      | Noticed Robin
  3772 | D:4      | Found Xunwum's Antique Weapon Shop.
  3779 | D:4      | Killed Robin
  3779 | D:4      | Reached XP level 5. HP: 23/41 MP: 8/8
  4516 | D:4      | Found a staircase to the Ecumenical Temple.
  4531 | D:4      | Noticed a centaur
  4551 | D:4      | Slain by a centaur

Vault maps used:
D:1:      sevenhm_arrival_forest_fort_small_3
D:2:      grunt_temple_overflow_growth_and_decay,
          chequers_ecumenical_altar_island, uniq_crazy_yiuf_cottage
D:4:      minmay_temple_entry_glassed_door, serial_shops, kennysheep_mini,
          st_stairs_10, uniq_robin, uniq_pikel

Skill      XL: |  1  2  3  4 |
---------------+-------------+-----
Dodging        | 2 |  2.5
Fighting       | 2 |  2.3
Transmutations | 3 |  3.3
Unarmed Combat | 4 |  4.1
Spellcasting   | |  2.5

Action                   |  1- 3 |  4- 6 || total
-------------------------+-------+-------++-------
Melee: Unarmed           |   176 |    98 ||   274
       Kick              |     2 |       ||     2
       Headbutt          |     1 |     1 ||     2
       Tailslap          |    21 |    10 ||    31
       Punch             |       |     1 ||     1
 Cast: Beastly Appendage |     3 |     2 ||     5
       Sticks to Snakes  |     4 |     4 ||     8
       Spider Form       |     1 |       ||     1
  Use: Scroll            |       |    10 ||    10
       Potion            |       |     6 ||     6
 Stab: Sleeping          |     2 |     1 ||     3
  Eat: Chunk             |     6 |     7 ||    13
Armor: Skin              |    60 |    52 ||   112
Dodge: Dodged            |   117 |    69 ||   186

Table legend:
 A = Spawn XP
 B = Non-spawn XP
 C = Spawn XP percentage of total XP
 D = Spawn monster count
 E = Non-spawn monster count
 F = Spawn count percentage of total count
 G = Total turns spent on level
                    A         B        C        D         E        F      G
               +---------+---------+-------+---------+---------+-------+---------
         Total |       0 |     247 |   0.0 |       0 |      66 |   0.0 |  4551
               +---------+---------+-------+---------+---------+-------+---------
           D:1 |       0 |      39 |   0.0 |       0 |      23 |   0.0 |  1529
           D:2 |       0 |      82 |   0.0 |       0 |      14 |   0.0 |  1633
           D:3 |       0 |      32 |   0.0 |       0 |      13 |   0.0 |   872
           D:4 |       0 |      94 |   0.0 |       0 |      16 |   0.0 |   517
               +---------+---------+-------+---------+---------+-------+---------
